 Dungeon Crawl Stone Soup version 0.22-a0-192-g6ffc940 (webtiles) character file.

6205 mortelune the Frost Mage (level 10, -7/63 HPs)
             Began as a Demonspawn Ice Elementalist on Feb 16, 2018.
             Was a Follower of Ashenzari.
             Shot with an arrow by a centaur warrior (22 damage)
             ... on level 10 of the Dungeon.
             The game lasted 00:38:10 (13318 turns).

mortelune the Frost Mage (DsIE)                    Turns: 13318, Time: 00:38:12

Health: -7/63      AC: 12    Str:  9    XL:     10   Next: 61%
Magic:  15/22      EV: 12    Int: 20    God:    Ashenzari [*.....]
Gold:   352        SH:  0    Dex: 13    Spells: 11/25 levels left

rFire    . . .     SeeInvis .   s - +2 whip (venom)
rCold    . . .     Gourm    .   (no shield)
rNeg     + + .     Faith    .   D - +2 robe {rN+}
rPois    .         Spirit   .   (no helmet)
rElec    +         Reflect  .   z - +0 cloak
rCorr    .         Harm     .   h - +0 pair of gloves (curse)
MR       .....                  y - +1 pair of boots {Stlth+} (curse)
Stlth    +++.......             (no amulet)
HPRegen  0.20/turn              e - ring of positive energy
MPRegen  0.18/turn              H - ring of wizardry

@: very slightly contaminated
A: hooves 1, thin metallic scales 3, foul stench 1, spiny 1, rot immunity
a: Curse Item, Scrying, Renounce Religion


You were on level 10 of the Dungeon.
You worshipped Ashenzari.
Ashenzari was aware of your devotion.
You were not hungry.

You visited 2 branches of the dungeon, and saw 11 of its levels.

You collected 631 gold pieces.
You spent 279 gold pieces at shops.

Inventory:

Hand Weapons
 f - a +0 club
 j - a +0 mace
 l - a +0 spear
 s - a +2 whip of venom (weapon)
Armour
 h - a cursed +0 pair of gloves (worn)
 y - a cursed +1 pair of boots of stealth (worn)
 z - a +0 cloak (worn)
 D - a +2 robe of positive energy (worn)
 O - the +8 orange crystal plate armour {Archmagi, Int+3 Clar}
   (You found it on level 10 of the Dungeon)

   It affects your intelligence (+3).
   It protects you against confusion.
Jewellery
 e - a ring of positive energy (left hand)
 H - a ring of wizardry (right hand)
Wands
 v - a wand of enslavement (20)
 N - a wand of flame (32)
Scrolls
 a - a scroll of enchant armour
 d - a scroll of random uselessness
 g - 2 scrolls of immolation
 i - 2 scrolls of noise
 m - 4 scrolls of magic mapping
 p - a scroll of enchant weapon
 r - 3 scrolls of teleportation
 t - a scroll of fog
 x - 2 scrolls of fear
 A - a scroll of remove curse
 B - 3 scrolls of amnesia
 F - a scroll of acquirement {unknown}
 G - 2 scrolls of identify
 L - a scroll of torment
Potions
 k - a potion of curing
 n - 2 potions of brilliance
 o - a potion of lignification
 q - 2 potions of invisibility
 u - a potion of agility
 C - a potion of ambrosia
 E - a potion of mutation
 I - a potion of might
 K - 3 potions of haste
 M - a potion of degeneration
Books
 b - a book of Frost

   Spells                             Type                      Level
   a - Freeze                         Ice                          1
   b - Throw Frost                    Conjuration/Ice              2
   c - Ozocubu's Armour               Charms/Ice                   3
   d - Throw Icicle                   Conjuration/Ice              4
   e - Summon Ice Beast               Ice/Summoning                4
 J - a Young Poisoner's Handbook

   Spells                             Type                      Level
   a - Sting                          Conjuration/Poison           1
   b - Poisonous Vapours              Poison/Air                   2
   c - Mephitic Cloud                 Conjuration/Poison/Air       3
   d - Olgreb's Toxic Radiance        Poison                       4
   e - Venom Bolt                     Conjuration/Poison           5
Comestibles
 c - 10 rations
 P - 2 chunks of flesh


   Skills:
 - Level 2.0 Dodging
 - Level 1.7 Stealth
 + Level 8.1 Spellcasting
 + Level 8.0 Conjurations
 * Level 10.5 Ice Magic


You had 11 spell levels left.
You knew the following spells:

 Your Spells              Type           Power        Failure   Level  Hunger
a - Freeze                Ice            ####         1%          1    None
b - Throw Frost           Conj/Ice       #####.       1%          2    None
c - Ozocubu's Armour      Chrm/Ice       ####....     1%          3    None
d - Summon Ice Beast      Ice/Summ       ####....     4%          4    ###....
e - Throw Icicle          Conj/Ice       #####...     1%          4    ###....


Dungeon Overview and Level Annotations

Branches:
Dungeon (10/15)            Temple (1/1) D:4
   Lair: D:8-11         Orc: D:9-12

Altars:
Ashenzari
Fedhas
Gozag
Makhleb
Nemelex Xobeh
Okawaru

Shops:
D:4 [   D:5 ?

Annotations:
D:4 Gorice's ghost, amateur GnWn
D:7 2 runed doors
D:9 1 runed door, mortelune's ghost, journeyman DsIE


Innate Abilities, Weirdness & Mutations

You have large cloven feet.
You are completely covered in thin metallic scales. (AC +4, rElec)
You may emit foul miasma when damaged in melee.
You are partially covered in sharp spines.
You are immune to rotting.


Message History

The wyvern bites you.
The centaur warrior shoots an arrow.
The arrow hits you!
* * * LOW HITPOINT WARNING * * *
You feel much better. The wyvern is struck by your spines.
The wyvern misses you. The wyvern barely misses you.
A sky beast comes into view.
As you read the scroll of fog, it crumbles to dust.
The scroll dissolves into smoke.
The centaur warrior shoots an arrow.
The arrow hits you!!
* * * LOW HITPOINT WARNING * * *
The wyvern closely misses you.
Okay, then.
Okay, then.
You feel better.
The centaur warrior shoots an arrow.
The arrow barely misses you. The wyvern misses you.
The wyvern bites you but does no damage.
The centaur warrior shoots an arrow.
The arrow hits you.
* * * LOW HITPOINT WARNING * * *
You feel better. The wyvern barely misses you.
The centaur warrior shoots an arrow.
The arrow hits you!!
You die...

## ##.# ##...####
###.# ........###§..
.....Y..#§l# ### ##
.....c..§@#####.# ###.
#...#...§Y§....###
####..# #
#.##.........###....##
###..#.###.....÷...##
####..######.###.#
#### ### ###


You could see a centaur warrior, a wyvern, a sky beast and a friendly ice beast.

Vanquished Creatures
  A two-headed ogre (D:9)
  2 centaur skeletons
  A komodo dragon (D:10)
  A hippogriff (D:9)
  A wyvern (D:10)
  A hungry ghost (D:8)
  Edmund (D:6)
  Duvessa (D:6)
  2 orc warriors
  5 black bears
  A phantom (D:7)
  2 sky beasts
  A necrophage (D:8)
  3 ogres
  2 crocodiles (D:9)
  Blork the orc (D:6)
  3 bullfrogs
  2 scorpions (D:7)
  Dowan (D:6)
  9 killer bees (D:7)
  2 wights (D:6)
  3 centaur zombies
  2 crimson imps (D:6)
  4 hounds
  6 jellies
  3 orc priests
  3 bullfrog zombies
  8 orc wizards
  Crazy Yiuf (D:2)
  A gnoll shaman (D:9)
  5 bullfrog skeletons
  2 iguanas
  4 worker ants
  A killer bee zombie (D:6)
  2 hound zombies (D:4)
  A howler monkey zombie (D:4)
  A worker ant zombie (D:4)
  Robin (D:3)
  3 gnolls (D:9)
  12 adders
  3 shadow imps
  2 worms
  2 adder skeletons
  3 dart slugs
  6 leopard geckos
  27 orcs
  2 ball pythons (D:4)
  3 giant cockroaches
  20 goblins
  13 hobgoblins
  8 jackals
  8 kobolds
  4 quokkas
  8 bats
  3 frilled lizards
  2 leopard gecko zombies (D:4)
  A quokka skeleton (D:4)
  A quokka zombie (D:4)
  11 rats
233 creatures vanquished.

Vanquished Creatures (collateral kills)
  A basilisk (D:10)
  An ice beast (D:5)
  A swamp drake (D:10)
  An orc warrior (D:9)
  An ogre (D:5)
  A big kobold (D:10)
  A scorpion (D:6)
  3 orc wizards
  2 orcs
12 creatures vanquished.

Grand Total: 245 creatures vanquished

Notes
Turn   | Place    | Note
-------+----------+-------------------------------------------
     0 | D:1      | mortelune the Demonspawn Ice Elementalist began the quest for the Orb.
     0 | D:1      | Reached XP level 1. HP: 13/13 MP: 3/3
   247 | D:1      | Gained mutation: You are immune to rotting. [demonic ancestry]
   247 | D:1      | Reached XP level 2. HP: 19/19 MP: 1/5
   251 | D:1      | Learned a level 2 spell: Throw Frost
   859 | D:1      | Reached skill level 3 in Ice Magic
  1738 | D:2      | Gained mutation: You are partially covered in sharp spines. [demonic ancestry]
  1738 | D:2      | Reached XP level 3. HP: 15/24 MP: 0/7
  1989 | D:2      | Found a faded altar of an unknown god.
  2115 | D:2      | Learned a level 3 spell: Ozocubu's Armour
  2452 | D:2      | Gained mutation: You are partially covered in thin metallic scales. (AC +2) [demonic ancestry]
  2452 | D:2      | Reached XP level 4. HP: 29/30 MP: 2/8
  3097 | D:2      | Found a runed door.
  3213 | D:3      | Noticed Robin
  3992 | D:3      | Reached XP level 5. HP: 35/35 MP: 3/10
  4187 | D:3      | Learned a level 4 spell: Summon Ice Beast
  4252 | D:4      | Reached skill level 4 in Ice Magic
  4323 | D:4      | Noticed Gorice's ghost (amateur GnWn)
  4409 | D:3      | Found an opulent altar of Gozag.
  4414 | D:3      | Found an iron altar of Okawaru.
  4602 | D:4      | Gained mutation: You may emit foul miasma when damaged in melee. [demonic ancestry]
  4602 | D:4      | Reached XP level 6. HP: 18/41 MP: 8/12
  4809 | D:4      | Found a staircase to the Ecumenical Temple.
  4822 | Temple   | Entered the Ecumenical Temple
  4835 | Temple   | Became a worshipper of Ashenzari the Shackled
  5228 | D:4      | Found Saiwawuy's Antique Armour Boutique.
  5238 | D:4      | Bought a pair of embroidered boots for 195 gold pieces
  5439 | D:5      | Entered Level 5 of the Dungeon
  5439 | D:5      | Noticed a sky beast
  5453 | D:5      | Killed a sky beast
  5453 | D:5      | Reached skill level 5 in Ice Magic
  5453 | D:5      | Reached XP level 7. HP: 25/46 MP: 1/13
  5614 | D:5      | Learned a level 4 spell: Throw Icicle
  6142 | D:5      | Found Qoyc's Magic Scroll Shoppe.
  6148 | D:5      | Reached skill level 5 in Spellcasting
  6170 | D:5      | Bought a scroll of remove curse for 39 gold pieces
  6170 | D:5      | Bought a scroll of amnesia for 45 gold pieces
  6506 | D:6      | Reached skill level 6 in Ice Magic
  6508 | D:6      | Noticed Edmund
  6520 | D:6      | Killed Edmund
  6520 | D:6      | Gained mutation: You are mostly covered in thin metallic scales. (AC +3) [demonic ancestry]
  6520 | D:6      | Reached XP level 8. HP: 30/52 MP: 0/15
  6662 | D:6      | Noticed Dowan
  6703 | D:6      | Killed Dowan
  6834 | D:2      | Noticed Crazy Yiuf
  6838 | D:2      | Killed Crazy Yiuf
  7029 | D:3      | Killed Robin
  7647 | D:6      | Noticed Blork the orc
  7658 | D:6      | Killed Blork the orc
  7658 | D:6      | Reached skill level 5 in Conjurations
  7977 | D:6      | Reached skill level 7 in Ice Magic
  8294 | D:6      | Noticed Duvessa
  8320 | D:6      | Killed Duvessa
  9053 | D:7      | Gained mutation: You have large cloven feet. [demonic ancestry]
  9053 | D:7      | Reached XP level 9. HP: 54/57 MP: 15/18
  9363 | D:7      | Reached skill level 8 in Ice Magic
  9585 | D:7      | Found a runed door.
  9585 | D:7      | Found a runed door.
  9585 | D:7      | Noticed a wolf spider
  9894 | D:7      | Reached skill level 9 in Ice Magic
 10017 | D:7      | Reached * piety under Ashenzari
 10816 | D:8      | Gained mutation: You are completely covered in thin metallic scales. (AC +4, rElec) [demonic ancestry]
 10816 | D:8      | Reached XP level 10. HP: 59/63 MP: 4/21
 11779 | D:9      | Noticed mortelune's ghost (journeyman DsIE)
 12066 | D:9      | Noticed an orc high priest
 12066 | D:9      | Noticed a flayed ghost
 12066 | D:9      | Noticed a wolf spider
 12067 | D:9      | Found the amulet of the Air {Inacc +Fly rElec EV+5 RMsl}
 12067 | D:9      | Found a runed door.
 12069 | D:9      | Noticed a yaktaur captain
 12069 | D:9      | Noticed a fire dragon
 12069 | D:9      | Noticed a deep troll
 12069 | D:9      | Noticed a wolf spider
 12264 | D:9      | Noticed a two-headed ogre
 12276 | D:9      | Killed a two-headed ogre
 12276 | D:9      | Reached skill level 10 in Ice Magic
 12817 | D:10     | Entered Level 10 of the Dungeon
 12845 | D:10     | Noticed a gargoyle
 12864 | D:10     | Found the +8 orange crystal plate armour {Archmagi, Int+3 Clar}
 13312 | D:10     | Noticed a centaur warrior
 13318 | D:10     | Shot with an arrow by a centaur warrior

Vault maps used:
D:1:      lightli_molten_gateway
D:2:      chequers_ecumenical_altar_simple_redux, minmay_tetromino_s4,
          uniq_crazy_yiuf_cottage
D:3:      minitemple, uniq_robin
D:4:      minmay_temple_entry_trees, serial_shops, shop, first_ration,
          serial_undead, serial_undead_e, serial_undead_d, serial_undead_d,
          serial_undead_c
D:5:      serial_shops, shop_coins
D:6:      uniq_duvessa, uniq_edmund, uniq_blork_the_orc
D:7:      minmay_the_grid_triangle_9x9_rhombus_full
D:9:      minmay_gate_of_8, serial_shops, shop, grunt_livestock,
          minmay_misc_feat_more_columns, kennysheep_generic_room_13
D:10:     erik_lair_dragon, erik_orc_1, hangedman_misty_isle
Temple:   regret_index_temple_chain_breaker

Skill      XL: |  1  2  3  4  5  6  7  8  9 10 |
---------------+-------------------------------+-----
Dodging        | 2 |  2.0
Ice Magic      | 3 4 5 6 7 9 10 | 10.5
Spellcasting   | 3 4 5 6 7 8 |  8.1
Conjurations   | 2 3 4 5 7 8 |  8.0
Stealth        | |  1.7

Action                   |  1- 3 |  4- 6 |  7- 9 | 10-12 || total
-------------------------+-------+-------+-------+-------++-------
Melee: Unarmed           |    10 |       |       |       ||    10
       Club              |     2 |       |       |       ||     2
       Mace              |     4 |       |       |       ||     4
       Whip              |       |    89 |   115 |    17 ||   221
 Cast: Freeze            |    49 |    49 |    92 |    40 ||   230
       Throw Frost       |     4 |    25 |    25 |    10 ||    64
       Ozocubu's Armour  |       |     5 |    11 |     2 ||    18
       Throw Icicle      |       |       |    32 |    21 ||    53
       Summon Ice Beast  |       |       |    16 |     7 ||    23
Invok: Curse Item        |       |       |     2 |       ||     2
  Use: Scroll            |     5 |     8 |     6 |     5 ||    24
       Potion            |       |     1 |     1 |     3 ||     5
 Stab: Sleeping          |       |     2 |     1 |     1 ||     4
       Distracted        |       |     1 |     2 |       ||     3
  Eat: Chunk             |     5 |     7 |    18 |     8 ||    38
       Ration            |       |     1 |     2 |     1 ||     4
Armor: Robe              |     9 |    39 |    93 |    20 ||   161
Dodge: Dodged            |    42 |    63 |   120 |    45 ||   270

Table legend:
 A = Spawn XP
 B = Non-spawn XP
 C = Spawn XP percentage of total XP
 D = Spawn monster count
 E = Non-spawn monster count
 F = Spawn count percentage of total count
 G = Total turns spent on level
                    A         B        C        D         E        F      G
               +---------+---------+-------+---------+---------+-------+---------
         Total |       0 |    8865 |   0.0 |       0 |     245 |   0.0 | 13318
               +---------+---------+-------+---------+---------+-------+---------
           D:1 |       0 |      35 |   0.0 |       0 |      19 |   0.0 |  1728
           D:2 |       0 |     119 |   0.0 |       0 |      27 |   0.0 |  1710
           D:3 |       0 |     223 |   0.0 |       0 |      37 |   0.0 |  1445
           D:4 |       0 |     406 |   0.0 |       0 |      27 |   0.0 |  1202
           D:5 |       0 |     617 |   0.0 |       0 |      20 |   0.0 |  1142
           D:6 |       0 |    1341 |   0.0 |       0 |      28 |   0.0 |  1679
           D:7 |       0 |    1928 |   0.0 |       0 |      34 |   0.0 |  1354
           D:8 |       0 |    1376 |   0.0 |       0 |      24 |   0.0 |  1337
           D:9 |       0 |    1950 |   0.0 |       0 |      19 |   0.0 |  1195
          D:10 |       0 |     870 |   0.0 |       0 |      10 |   0.0 |   501
               +---------+---------+-------+---------+---------+-------+---------
